 Dungeon Crawl Stone Soup version 0.31-a0-662-g684573625c (webtiles) character file.

Game seed: 16101753086094552183

89 freelancePsychic the Conjurer (level 4, -2/22 HPs)
             Began as a Vine Stalker Conjurer on Sept 1, 2023.
             Killed from afar by Natasha (9 damage)
             ... with a magic dart
             ... on level 2 of the Dungeon.
             The game lasted 00:02:34 (1411 turns).

freelancePsychic the Conjurer (VSCj)                Turns: 1411, Time: 00:02:34

Health: -2/22      AC:  3    Str:  9    XL:     4   Next: 55%
Magic:  0/8        EV: 12    Int: 20    God:
Gold:   35         SH:  0    Dex: 13    Spells: 4/7 levels left

rFire   . . .        h - staff of poison
rCold   . . .        (no shield)
rNeg    . . .        a - +0 robe
rPois   +            (no helmet)
rElec   .            (no cloak)
rCorr   .            f - +0 pair of gloves
SInv    .            (no boots)
Will    .....        (no amulet)
Stlth   ++           (no ring)
HPRegen 1.03/turn    (no ring)
MPRegen 0.11/turn

%: guardian spirit
@: slowed, very slow
A: fangs 2, regeneration 1, magic shield, antimagic bite, no potion heal 2
a: no special abilities


You were on level 2 of the Dungeon.
You visited 1 branch of the dungeon, and saw 2 of its levels.

You collected 35 gold pieces.

Inventory:

Hand Weapons
 c - a +2 dagger of flaming
Armour
 a - a +0 robe (worn)
 f - a +0 pair of gloves (worn)
Magical Staves
 h - a staff of poison (weapon)
Scrolls
 d - a scroll of silence
 e - 4 scrolls of identify {@r1}
Potions
 b - a potion of magic
 g - 3 potions of curing {unknown}
 i - 2 potions of degeneration {unknown}
 j - a potion of resistance {unknown}


   Skills:
 + Level 1.5 Fighting
 - Level 1.7 Short Blades
 * Level 1.4 Staves
 - Level 1.5 Dodging
 - Level 3.1 Stealth
 - Level 2.1 Spellcasting
 - Level 4.0 Conjurations
 + Level 0.9 Evocations


You had 4 spell levels left.
You knew the following spells:

 Your Spells              Type           Power      Damage    Failure   Level
a - Magic Dart            Conj           72%        1d6       3%          1
b - Searing Ray           Conj           36%        2d5       4%          2

Your spell library contained the following spells:

 Spells                   Type           Power      Damage    Failure   Level
 Dazzling Flash           Conj/Hex       20%        N/A       21%         3
 Fulminant Prism          Conj/Hex       5%         3d7       56%         4
 Iskenderun's Mystic Bla  Conj/Tloc      10%        2d4       56%         4


Dungeon Overview and Level Annotations

Branches:
Dungeon (2/15)

Altars:

Annotations:
D:2 Natasha


Innate Abilities, Weirdness & Mutations

You have extremely sharp teeth.
Your natural rate of healing is unusually fast.
When hurt, damage is shared between your health and your magic reserves.
Your bite disrupts and absorbs the magic of your enemies.
Potions cannot restore your health.


Message History

You are too injured to fight recklessly!
You are too injured to fight recklessly!
You are too injured to fight recklessly!
You are too injured to fight recklessly!
You are too injured to fight recklessly!
You are too injured to fight recklessly!
You are too injured to fight recklessly!
You are too injured to fight recklessly!
You are too injured to fight recklessly!
You barely miss Natasha.
Natasha is moderately wounded.
Natasha claws you.
You barely miss Natasha. Your bite misses Natasha.
Natasha is moderately wounded.
Natasha misses you.
You barely miss Natasha.
Natasha is moderately wounded.
Natasha barely misses you.
You aren't carrying any items that you can evoke.
You closely miss Natasha. You bite Natasha.
Natasha's magic leaks into the air.
You drain her magic.
You feel invigorated.
Natasha is heavily wounded.
Natasha claws you!
Aiming: Searing Ray (safe; 4% risk of failure)
Press: ? - help, Q - select action, (/) - cycle Shift-Dir - straight line, f/p - Natasha
Aim: Natasha (heavily wounded, magic disrupted, 72% to hit)
The searing ray hits Natasha.
Natasha is almost dead. (Press . to maintain the ray.) Natasha's magic is no longer disrupted.
Natasha claws you!
* * * LOW HITPOINT WARNING * * *
Without enough magic to sustain it, your searing ray dissipates.
Natasha stares at you and mumbles some strange words.
You feel yourself slow down.
You barely miss Natasha.
Natasha is almost dead.
Natasha stares at you and mumbles some strange words.
The magic dart hits you!
You die...
Natasha curls up and begins to purr.

... ##.# #..# #.##
#.# . #.###. #.##..
#h##.# #@##.#
#.##.### #.##.#.##
#(##..#.##########
##.##.###..........
#..#.## ##.########
#...## ##)# ####.##
##.## ##.###†## #


You could see Natasha.

Vanquished Creatures
  Natasha (twice) (D:2)
  A dart slug (D:1)
  5 endoplasms
  2 goblins (D:1)
  6 hobgoblins (D:1)
  2 quokkas (D:1)
  2 ball pythons (D:1)
  4 bats (D:1)
  4 frilled lizards (D:1)
  3 kobolds
  6 rats
37 creatures vanquished.

Notes
Turn   | Place    | Note
-------+----------+-------------------------------------------
     0 | D:1      | freelancePsychic the Vine Stalker Conjurer began the quest
                  | for the Orb.
     0 | D:1      | Reached XP level 1. HP: 9/9 MP: 4/4
    91 | D:1      | Reached XP level 2. HP: 11/14 MP: 1/6
   153 | D:1      | Reached skill level 1 in Short Blades
   547 | D:1      | Reached XP level 3. HP: 17/17 MP: 7/7
   594 | D:1      | Reached skill level 1 in Fighting
  1249 | D:2      | Noticed Natasha
  1254 | D:2      | Learned a level 2 spell: Searing Ray
  1273 | D:2      | Killed Natasha
  1274 | D:2      | Reached skill level 1 in Staves
  1274 | D:2      | Reached XP level 4. HP: 22/22 MP: 1/8
  1362 | D:2      | Noticed Natasha
  1373 | D:2      | Killed Natasha
  1393 | D:2      | Noticed Natasha
  1411 | D:2      | Killed from afar by Natasha

Illustrated notes

Levels and vault maps discovered:
D:1:      psy_arrival_spokes, layout_loops_ring, minmay_tripent
D:2:      layout_loops_ring, hellmonk_ecumenical_altar_heavens_door,
          kennysheep_generic_room_11, uniq_natasha

Skill      XL: |  1  2  3 |
---------------+----------+-----
Short Blades   | 1 |  1.7
Stealth        | 3 |  3.1
Fighting       | 1 |  1.5
Staves         | 1 |  1.4
Dodging        | |  1.5
Spellcasting   | |  2.1
Conjurations   | |  4.0
Evocations     | |  0.9

Action                     |  1- 3 |  4- 6 || total
---------------------------+-------+-------++-------
  Melee: Dagger            |    42 |       ||    42
         Bite              |    10 |     3 ||    13
         Staff             |     3 |     8 ||    11
   Cast: Magic Dart        |    29 |       ||    29
         Searing Ray       |     1 |     3 ||     4
    Use: Scroll            |       |     2 ||     2
   Stab: Sleeping          |     2 |       ||     2
 Armour: Robe              |    25 |     5 ||    30
  Dodge: Dodged            |    25 |     6 ||    31

Table legend: (Time is in decaauts)
 A = Elapsed time spent in this place.
 B = Non-inter-level travel time spent in this place.
 C = Inter-level travel time spent in this place.
 D = Time resting spent in this place.
 E = Time spent auto-exploring this place.
 F = Levels seen in this place.
 G = Mean time per level.
                   A        B        C        D        E       F      G
               +--------+--------+--------+--------+--------+-----+--------+
         Total |   1409 |   1330 |     79 |      0 |   1100 |   2 |  704.5 |
       Dungeon |   1409 |   1330 |     79 |      0 |   1100 |   2 |  704.5 |
               +--------+--------+--------+--------+--------+-----+--------+

Top non-repeatable levels by time:
     D:1: 1039 daAuts
     D:2: 370 daAuts
